 Dungeon Crawl Stone Soup version 0.19-a0-683-g5f2401d (webtiles) character file.

105 Skanax the Changer (level 4, -2/36 HPs)
             Began as a Draconian Transmuter on June 17, 2016.
             Slain by Xiguana's ghost (8 damage)
             ... on level 3 of the Dungeon.
             The game lasted 00:10:59 (2232 turns).

Skanax the Changer (Draconian Transmuter)           Turns: 2232, Time: 00:11:00

Health: -2/36      AC:  5    Str: 12      XL:     4   Next: 53%
Magic:  2/7        EV: 12    Int: 13 (14) God:
Gold:   17         SH:  0    Dex:  9 (12) Spells: 3 memorised, 1 level left

rFire  . . .     SeeInvis .     d - +0 short sword
rCold  . . .     Gourm    .     (armour unavailable)
rNeg   . . .     Faith    .     (no shield)
rPois  .         Spirit   .     (helmet restricted)
rElec  .         Dismiss  .     (no cloak)
rCorr  .         Reflect  .     (no gloves)
SustAt .         Harm     .     (no boots)
MR     .....                    (no amulet)
Stlth  +.........               (no ring)
                                (no ring)

@: appendage, not resistant to hostile enchantments, very unstealthy
A: unfitting armour, horns 2, cold-blooded, AC +5
a: End Transformation


You were on level 3 of the Dungeon.
You were not hungry.
You had grown temporary horns.
You visited 1 branch of the dungeon, and saw 3 of its levels.

You collected 17 gold pieces.

Inventory:

Hand Weapons
 d - a +0 short sword (weapon)
Missiles
 a - 59 arrows
 h - 6 tomahawks of returning (quivered)
Scrolls
 g - 2 scrolls of identify
Books
 b - a book of Changes

   Spells                             Type                      Level
   a - Beastly Appendage              Transmutation                1
   b - Sticks to Snakes               Transmutation                2
   c - Spider Form                    Transmutation/Poison         3
   d - Ice Form                       Ice/Transmutation            4
   e - Blade Hands                    Transmutation                5
Comestibles
 c - 2 fruits
 f - 2 chunks of flesh


   Skills:
 + Level 2.1 Fighting
 + Level 1.2 Short Blades
 + Level 0.1 Throwing
 - Level 2.0 Dodging
 - Level 3.1 Unarmed Combat
 + Level 2.4 Spellcasting
 * Level 3.4 Transmutations


You had one spell level left.
You knew the following spells:

 Your Spells              Type           Power        Failure   Level  Hunger
a - Beastly Appendage     Tmut           ##....       8%          1    #......
b - Sticks to Snakes      Tmut           ##......     10%         2    ###....
c - Spider Form           Tmut/Pois      #.........   38%         3    ###....


Dungeon Overview and Level Annotations

Branches:
Dungeon (3/15)

Altars:
Gozag
The Shining One

Annotations:
D:3 Xiguana's ghost, amateur VSMo


Innate Abilities, Weirdness & Mutations

Your plain brown scales are hard. (AC +5)
Your body does not fit into most forms of armour.
You are cold-blooded and may be slowed by cold attacks.
You have a pair of horns on your head.


Message History

Xiguana's ghost hits you!
You closely miss Xiguana's ghost.
Xiguana's ghost is lightly damaged.
Your transformation has ended.
Your +0 short sword unmelds from your body.
Xiguana's ghost hits you!
Casting: Spider Form
Confirm with . or Enter, or press ? or * to list all spells.
You grow a pair of large bovine horns.
Xiguana's ghost screams, "Zot is a myth, the ORB is a fable, you'll soon be a tale!"
Xiguana's ghost barely misses you.
Casting: Beastly Appendage
Confirm with . or Enter, or press ? or * to list all spells.
You create a snake!
You now have 59 arrows.
Xiguana's ghost hits you!
* * * LOW HITPOINT WARNING * * *
You aren't carrying any potions.
You hit Xiguana's ghost.
Xiguana's ghost is moderately damaged.
Xiguana's ghost hits you!
You die...

###### #....
#.#.# #S$$#
#$W$# #@$$#
#)### #.#
#.#########.
#..<........
############


You could see Xiguana's ghost and a friendly ball python.

Vanquished Creatures
  4 gnolls (D:2)
  2 adders (D:2)
  A worm (D:2)
  3 dart slugs
  A giant gecko (D:1)
  4 bats
  A giant cockroach (D:1)
  4 goblins
  6 hobgoblins
  4 jackals (D:2)
  3 giant newts (D:1)
  5 kobolds (D:1)
  A rat (D:1)
  A bush (D:1)
40 creatures vanquished.

Vanquished Creatures (collateral kills)
  A bat (D:2)
  2 goblins (D:1)
3 creatures vanquished.

Grand Total: 43 creatures vanquished

Notes
Turn   | Place    | Note
--------------------------------------------------------------
     0 | D:1      | Skanax the Draconian Transmuter began the quest for the Orb.
     0 | D:1      | Reached XP level 1. HP: 16/16 MP: 3/3
   196 | D:1      | Reached XP level 2. HP: 21/23 MP: 3/5
   225 | D:1      | Learned a level 2 spell: Sticks to Snakes
  1034 | D:2      | Reached XP level 3. HP: 27/28 MP: 4/6
  1039 | D:2      | Learned a level 3 spell: Spider Form
  1715 | D:2      | Reached XP level 4. HP: 23/36 MP: 0/7
  1813 | D:2      | Found a glowing golden altar of the Shining One.
  1962 | D:2      | Reached skill level 1 in Short Blades
  2211 | D:3      | Found an opulent altar of Gozag.
  2216 | D:3      | Noticed Xiguana's ghost (amateur VSMo)
  2232 | D:3      | Slain by Xiguana's ghost

Vault maps used:
D:1:      dpeg_arrival_arbitrary_a, serial_forest, infiniplex_forest_end_2,
          infiniplex_forest_pool, infiniplex_forest_corner_1,
          infiniplex_forest_zigzag_2
D:2:      tso_altar, hangedman_decor_points
D:3:      nicolae_gozag_seed_capital, nicolae_overflow_crystal_walls,
          portal_sewer_entry_a, grunt_ministairs_4, minmay_item_behind_shaft,
          uniq_sigmund

Skill      XL: |  1  2  3  4 |
---------------+-------------+-----
Dodging        | 2 |  2.0
Transmutations | 3 |  3.4
Fighting       | 2 |  2.1
Short Blades   | 1 |  1.2
Throwing       | |  0.1
Unarmed Combat | |  3.1
Spellcasting   | |  2.4

Action                   |  1- 3 |  4- 6 || total
-------------------------+-------+-------++-------
Melee: Short sword       |   259 |    16 ||   275
       Unarmed           |    21 |    21 ||    42
       Tailslap          |    46 |       ||    46
       Kick              |    10 |       ||    10
       Headbutt          |    19 |     2 ||    21
       Punch             |     6 |       ||     6
Throw: Tomahawk          |    17 |       ||    17
 Cast: Beastly Appendage |    22 |     2 ||    24
       Sticks to Snakes  |     4 |     1 ||     5
       Spider Form       |     2 |     3 ||     5
  Use: Scroll            |     4 |       ||     4
       Potion            |     2 |     1 ||     3
  Eat: Bread ration      |     1 |       ||     1
       Chunk             |       |     2 ||     2
       Fruit             |       |     1 ||     1
Armor: Skin              |    31 |     2 ||    33
Dodge: Dodged            |    95 |    21 ||   116
